 Dungeon Crawl Stone Soup version 0.30.1-4-g462c640d31 (webtiles) character file.

Game seed: 10122659691056984209

0 croobank the Sneak (level 1, 0/16 HPs)
             Began as an Octopode Delver on Sept 16, 2023.
             Slain by an iguana (9 damage)
             ... on level 5 of the Dungeon.
             The game lasted 00:00:24 (23 turns).

croobank the Sneak (Octopode Delver)                  Turns: 23, Time: 00:00:25

Health: 0/16       AC:  1    Str: 11    XL:     1   Next: 0%
Magic:  1/1        EV: 13    Int: 12    God:
Gold:   0          SH:  0    Dex: 13    Spells: 0/0 levels left

rFire   . . .        a - +0 short sword
rCold   . . .        (no shield)
rNeg    . . .        (helmet restricted)
rPois   .            (no amulet)
rElec   .            (no ring)
rCorr   .            (no ring)
SInv    .            (no ring)
Will    .....        (no ring)
Stlth   ++++         (no ring)
HPRegen 0.22/turn    (no ring)
MPRegen 0.07/turn    (no ring)
                     (no ring)

%: no passive effects
@: no status effects
A: almost no armour, amphibious, 8 rings, camouflage 1, gelatinous body 1,
(nimble swimmer 1), tentacles
a: no special abilities


You were on level 5 of the Dungeon.
You visited 1 branch of the dungeon, and saw 2 of its levels.

Inventory:

Hand Weapons
 a - a +0 short sword (weapon)
Wands
 f - a wand of digging (3)
Scrolls
 b - a scroll of fog
 c - a scroll of magic mapping
Potions
 e - a potion of haste


   Skills:
 + Level 3.0 Fighting
 + Level 2.0 Short Blades
 + Level 2.0 Dodging
 + Level 6.6 Stealth


You couldn't memorise any spells.
You didn't know any spells.
Your spell library was empty.

Dungeon Overview and Level Annotations

Branches:
Dungeon (6/15)
 Temple: D:4-7

Altars:


Innate Abilities, Weirdness & Mutations

You cannot wear most types of armour.
You are amphibious.
You can wear up to eight rings at the same time.
Your skin changes colour to match your surroundings (Stealth+).
Your rubbery body absorbs attacks. (AC +1, EV +1)
((You are camouflaged when in or above water. (Stealth+)))
You have tentacles for arms and can constrict up to eight enemies at once.


Message History

3 orcs come into view.
An orc is wielding a +2 flail of protection.
Found a glowing chain mail.
The helpless orc warrior fails to defend itself.
You puncture the orc warrior! Your grab misses the orc warrior.
The orc warrior is moderately wounded.
As you read the scroll of fear, it crumbles to dust.
You assume a fearsome visage.
The orc warrior looks frightened!
The orc looks frightened!
The orc shouts!
The orc looks frightened!
The orc shouts!
The orc priest looks frightened!
The orc looks frightened!
An ice beast comes into view.
There is a stone staircase leading up here.
You climb upwards.
There is a stone staircase leading down here.
An ufetubus comes into view.
An iguana comes into view.
Found 9 gold pieces.
The ufetubus shouts!
You hear a shout!
You barely miss the ufetubus.
The iguana hisses angrily.
Your grab misses the ufetubus. You squeeze the ufetubus.
The ufetubus is almost dead.
The ufetubus barely misses you. x2
You barely miss the ufetubus. Your grab misses the ufetubus.
The ufetubus is almost dead.
The ufetubus closely misses you. x2; The ufetubus hits you. x2
You are too injured to fight recklessly!
You closely miss the ufetubus. Your grab misses the ufetubus.
The ufetubus is almost dead.
The ufetubus closely misses you. The ufetubus barely misses you.
You hit the ufetubus but do no damage. You grab the ufetubus.
The ufetubus is almost dead.
You constrict the ufetubus.
You kill the ufetubus!
The iguana bites you!
Ouch! That really hurt!
You die...

######## #..>...#
# #......# ..
#......# ###..
#......####......
#...........##...
#................
#........@...#..
#.......l......#
#..###..........#
#.. #...........
.. .............
##$...........
#...........#
#.#.........#


You could see an iguana.

Vanquished Creatures
  An ufetubus (D:5)
1 creature vanquished.

Notes
Turn   | Place    | Note
-------+----------+-------------------------------------------
     0 | D:5      | croobank the Octopode Delver began the quest for the Orb.
     0 | D:5      | Reached XP level 1. HP: 16/16 MP: 1/1
     1 | D:6      | Noticed an orc warrior
     2 | D:6      | Noticed an orc priest
     8 | D:6      | Noticed an ice beast
    17 | D:5      | Noticed an iguana
    23 | D:5      | Slain by an iguana

Illustrated notes

Levels and vault maps discovered:
D:5:      layout_rooms, nicolae_overflow_crystal_walls
D:6:      layout_layer_cave, kennysheep_okawaru_gauntlet,
          minmay_temple_entry_overgrown, uniq_pikel, uniq_maggie,
          uniq_eustachio, uniq_duvessa

Action                     || total
---------------------------++-------
  Melee: Short sword       ||     5
         Constrict         ||     1
         Tentacles         ||     1
    Use: Scroll            ||     1
   Stab: Sleeping          ||     1
  Dodge: Dodged            ||     6
